 Dungeon Crawl Stone Soup version 0.22.1-2-g9c5b331 (webtiles) character file.

292 Fang the Chopper (level 6, 0/58 HPs)
             Began as a Gargoyle Berserker on Dec 19, 2018.
             Was a Believer of Trog.
             Slain by Grinder (2 damage)
             ... on level 3 of the Dungeon.
             The game lasted 00:02:21 (2312 turns).

Fang the Chopper (Gargoyle Berserker)               Turns: 2312, Time: 00:02:22

Health: 0/58       AC:  6    Str: 28    XL:     6   Next: 33%
Magic:  6/6        EV: 12    Int:  7    God:    Trog [**....]
Gold:   108        SH:  0    Dex:  9    Spells: 5/5 levels left

rFire    . . .     SeeInvis .   a - +0 hand axe
rCold    . . .     Gourm    .   (no shield)
rNeg     + . .     Faith    .   b - +0 animal skin
rPois    ∞         Spirit   .   (no helmet)
rElec    +         Reflect  .   (no cloak)
rCorr    .         Harm     .   (no gloves)
MR       .....                  (no boots)
Stlth    ..........             (no amulet)
HPRegen  0.19/turn              f - +3 ring of slaying
MPRegen  0.10/turn              (no ring)

@: berserking, very quick
A: negative energy resistance 1, electricity resistance, unbreathing,
petrification resistance, rot immunity, AC +4
a: Berserk, Trog's Hand, Renounce Religion


You were on level 3 of the Dungeon.
You worshipped Trog.
Trog was pleased with you.
You were very hungry.

You visited 1 branch of the dungeon, and saw 3 of its levels.

You collected 108 gold pieces.

Inventory:

Hand Weapons
 a - a +0 hand axe (weapon)
Armour
 b - a +0 animal skin (worn)
Jewellery
 f - a +3 ring of slaying (left hand)
Scrolls
 d - a scroll of teleportation {unknown}
 e - 3 scrolls of remove curse {unknown}
 i - 2 scrolls of identify {unknown}
Potions
 g - a potion of brilliance {unknown}
 h - 3 potions of curing {unknown}
 j - a potion of berserk rage {unknown}
Comestibles
 c - 11 rations


   Skills:
 + Level 4.5 Fighting
 + Level 4.9 Axes
 + Level 2.5 Armour
 + Level 2.5 Dodging
 + Level 1.4 Stealth


You had 5 spell levels left.
You didn't know any spells.
Your spell library was empty.

Dungeon Overview and Level Annotations

Branches:
Dungeon (3/15)

Altars:

Annotations:
D:3 1 runed door, Grinder


Innate Abilities, Weirdness & Mutations

You are resistant to torment.
Your stone body is resilient. (AC +4)
You are immune to poison.
You resist negative energy. (rN+)
You are resistant to electric shocks. (rElec)
You can survive without breathing.
You are immune to petrification.
You are immune to rotting.


Message History

You are too injured to fight recklessly!
You are too injured to fight recklessly!
You are too injured to fight recklessly!
Unknown command.
A red film seems to cover your vision as you go berserk!
You feel yourself moving faster!
You feel mighty!
You are feeling very hungry.
Grinder hits you.
* * * LOW HITPOINT WARNING * * *
You writhe in agony.
* * * LOW HITPOINT WARNING * * *
Unknown command.
Unknown command.
You slash Grinder!
Grinder is heavily wounded.
You barely miss Grinder.
Grinder is heavily wounded.
Grinder says, "Tell me all your secrets, or I'll kill you."
Grinder hits you.
You die...

#.# #########
#.# ........#
#.# .######.#
#.# ........#
#.#
.########.#
#.#
........#.#
#.#
..#####.#.##.#
#.#
).......#.##.#
#@#
#.#.##..#.##.#
#5#
#.#..#..#.##.#
#.#
#.#.##..#.##.#
#.#
#.#..#..#.##.#
#.#
#.####..#.##.#
#.#
#.........#..#
#.#
######)...#.##
#.#
........#...#
#.#


You could see Grinder.

Vanquished Creatures
  A sky beast (D:2)
  A centaur (D:3)
  A gnoll (D:2)
  4 adders (D:2)
  An ooze (D:1)
  An adder skeleton (D:2)
  3 worms (D:2)
  A dart slug (D:2)
  An orc (D:3)
  2 ball pythons
  8 bats
  4 giant cockroaches (D:2)
  5 goblins
  3 hobgoblins
  5 jackals (D:2)
  A quokka (D:3)
  2 frilled lizards (D:2)
  11 kobolds
  6 rats
61 creatures vanquished.

Notes
Turn   | Place    | Note
-------+----------+-------------------------------------------
     0 | D:1      | Fang the Gargoyle Berserker began the quest for the Orb.
     0 | D:1      | Reached XP level 1. HP: 14/14 MP: 1/1
   241 | D:1      | Reached XP level 2. HP: 15/19 MP: 2/2
   913 | D:2      | Reached XP level 3. HP: 23/23 MP: 3/3
  1005 | D:2      | Reached ** piety under Trog
  1037 | D:2      | Noticed a sky beast
  1044 | D:2      | Killed a sky beast
  1044 | D:2      | Reached XP level 4. HP: 29/29 MP: 4/4
  1044 | D:2      | Reached XP level 5. HP: 33/33 MP: 5/5
  1163 | D:2      | Reached skill level 1 in Stealth
  2040 | D:3      | Noticed a centaur
  2054 | D:3      | Killed a centaur
  2054 | D:3      | Reached XP level 6. HP: 24/39 MP: 6/6
  2101 | D:3      | Found a runed door.
  2297 | D:3      | Noticed Grinder
  2299 | D:3      | Paralysed by Grinder for 3 turns
  2310 | D:3      | HP: 1/58 [Grinder (3)]
  2312 | D:3      | Slain by Grinder

Skill      XL: |  1  2  3  4  5 |
---------------+----------------+-----
Axes           | 3 4 |  4.9
Fighting       | 4 |  4.5
Dodging        | 2 |  2.5
Stealth        | 1 |  1.4
Armour         | |  2.5

Action                   |  1- 3 |  4- 6 || total
-------------------------+-------+-------++-------
Melee: Hand axe          |    80 |   127 ||   207
Invok: Berserk           |     1 |     1 ||     2
 Stab: Sleeping          |       |     2 ||     2
  Eat: Chunk             |       |     5 ||     5
Armor: Animal skin       |    29 |    28 ||    57
Dodge: Dodged            |    64 |    69 ||   133
